 Dungeon Crawl Stone Soup version 0.31.0-32-g396128a36d (webtiles) character file.

Game seed: 13371277141259200786

68 spaghetti the Ruffian (level 4, -2/44 HPs)
             Began as a Naga Berserker on Mar 22, 2024.
             Was a Believer of Trog.
             Slain by an orc
             ... wielding a +0 morningstar
              (9 damage)
             ... on level 3 of the Dungeon.
             The game lasted 00:01:38 (1830 turns).

spaghetti the Ruffian (Naga Berserker)              Turns: 1830, Time: 00:01:39

Health: -2/44      AC:  2    Str: 20    XL:     4   Next: 19%
Magic:  4/4        EV: 10    Int:  7    God:    Trog [**....]
Gold:   168        SH:  0    Dex: 12    Spells: 3/3 levels left

rFire   . .          .
                       - Unarmed
rCold   . . .        (no shield)
rNeg    . . .        a - +0 animal skin
rPois   +            (no helmet)
rElec   .            (no cloak)
rCorr   .            (no gloves)
SInv    +            (no barding)
Will    .....        (no amulet)
Stlth   +            (no ring)
HPRegen 0.27/turn    (no ring)
MPRegen 0.09/turn

%: no passive effects
@: on berserk cooldown, very slow
A: AC +1, large, see invisible, deformed body, poison resistance, slowness 2,
spit poison 1, naga tail 1
a: Spit Poison, Renounce Religion, Berserk, Trog's Hand


You were on level 3 of the Dungeon.
You worshipped Trog.
Trog was pleased with you.
You visited 1 branch of the dungeon, and saw 3 of its levels.

You collected 168 gold pieces.

Inventory:

Armour
 a - a +0 animal skin (worn)
Scrolls
 h - a scroll of revelation
 i - a scroll of teleportation
 k - a scroll of blinking
Potions
 d - a potion of enlightenment
 j - a potion of mutation {unknown}


   Skills:
 + Level 4.0 Fighting
 - Level 1.5 Armour
 - Level 1.5 Dodging
 + Level 4.0 Unarmed Combat


You had 3 spell levels left.
You didn't know any spells.
Your spell library was empty.

Dungeon Overview and Level Annotations

Branches:
Dungeon (3/15)

Altars:


Innate Abilities, Weirdness & Mutations

Your serpentine skin is tough. (AC +1)
You have supernaturally acute eyesight. (SInv)
Armour fits poorly on your strangely shaped body.
Your system is resistant to poisons. (rPois)
You cover ground very slowly.
You can spit poison.
You have a snake-like lower body.


Message History

You feel yourself moving faster!
You feel mighty!
You feel very sick. The orc completely misses you.
You punch the orc!
You kill the orc!
Trog accepts your kill.
You feel sick.
You feel sick.
Things that are here:
a +1 dagger of venom; an orc corpse An orc comes into view.
It is wielding a +0 morningstar.
You feel a strong urge to attack something.
You feel sick.
The orc shouts!
An orc is nearby!
An orc is nearby!
You feel sick.
An orc comes into view. It is wielding a staff of air.
An orc comes into view. It is wielding a +0 club.
Found a leather armour.
You feel your anger nearly subside.
You are no longer berserk.
You are exhausted.
You feel yourself slow down.
You feel sick.
The orc shouts!
Found a dagger.
You feel sick. The orc hits you with a +0 morningstar!
An orc comes into view. It is wielding a +0 mace.
The orc hits you with a +0 morningstar!
* * * LOW HITPOINT WARNING * * *
The orc moves out of view.
You hit the orc.
The orc is lightly wounded.
You feel sick.
You are no longer poisoned.
The orc barely misses you.
It was a potion of cancellation.
Your magical effects are unravelling.
You feel magically purged.
You feel yourself speed up. The orc hits you with a +0 morningstar!
You die...

###.###.##.##.....
#..........#....<.
#.#.###..........>
#.###.#.#
######...###
#.....).# ##<##
#####.### #.# #.#
#.# #.# #+# #@#
#o# #o# #o. ...
##.) #[ .#


You could see 3 orcs.

Vanquished Creatures
  An adder (D:2)
  3 dart slugs
  An orc (D:3)
  4 bats
  2 endoplasms
  6 giant cockroaches
  3 goblins (D:1)
  5 hobgoblins
  7 jackals (D:2)
  3 kobolds
  2 quokkas (D:2)
  2 ball pythons
  4 frilled lizards
  4 rats (D:2)
47 creatures vanquished.

Notes
Turn   | Place    | Note
-------+----------+-------------------------------------------
     0 | D:1      | spaghetti the Naga Berserker began the quest for the Orb.
     0 | D:1      | Reached XP level 1. HP: 21/21 MP: 1/1
   103 | D:1      | Reached XP level 2. HP: 28/28 MP: 2/2
   576 | D:1      | Reached XP level 3. HP: 30/34 MP: 3/3
  1143 | D:2      | Reached ** piety under Trog
  1221 | D:2      | Found a faded altar of an unknown god.
  1226 | D:2      | Reached XP level 4. HP: 44/44 MP: 4/4
  1830 | D:3      | Slain by an orc

Illustrated notes

Levels and vault maps discovered:
D:1:      dpeg_arrival_shelter, layout_loops_ring, minmay_worlds_worst_comb
D:2:      layout_basic, hellmonk_ecumenical_altar_dog_temple, st_stairs_10
D:3:      layout_loops_corners, general_overflow_altar, led_xom_imps,
          grunt_decor_one_mirror, kennysheep_generic_room_5

Skill      XL: |  1  2  3  4 |
---------------+-------------+-----
Unarmed Combat | 4 |  4.0
Fighting       | 4 |  4.0
Armour         | |  1.5
Dodging        | |  1.5

Action                     |  1- 3 |  4- 6 || total
---------------------------+-------+-------++-------
  Melee: Unarmed           |   116 |    32 ||   148
         Punch             |     2 |       ||     2
 Invoke: Berserk           |     3 |       ||     3
    Use: Scroll            |       |     7 ||     7
         Potion            |       |     2 ||     2
 Armour: Animal skin       |    85 |    25 ||   110
  Dodge: Dodged            |    72 |    22 ||    94
